TOP OF THE 1ST |
Myrtle Beach Mermen batting - Pitching for Paynesville Pyramids : LHP Eduardo Reyes
|
Pitching: LHP Eduardo Reyes
|
|
Batting: RHB Jim Unknown
|
0-0: Called Strike 0-1: Called Strike 0-2: Ball 1-2: Foul Ball, location: 2F 1-2: Ball 2-2: Foul Ball, location: 2F 2-2: Ball 3-2: SINGLE (Flyball, 6MD)
|
Batting: RHB Mike Fleming
|
0-0: Fly out, F4 (Popup, 3F)
|
Batting: RHB Álex Rodríguez
|
0-0: Foul Ball, location: 2F 0-1: Foul Ball, location: 2F 0-2: Ball Wild Pitch! Jim Unknown to second 1-2: Ball 2-2: Strikes out looking
|
Batting: RHB Sal Haynes
|
0-0: Ball 1-0: Ball 2-0: Ball 3-0: Called Strike 3-1: Fly out, F7 (Flyball, 78M)
|
Top of the 1st over - 0 run(s), 1 hit(s), 0 error(s), 1 left on base; Myrtle Beach 0 - Paynesville 0 |
BOTTOM OF THE 1ST |
Paynesville Pyramids batting - Pitching for Myrtle Beach Mermen : RHP Bob Cook
|
Pitching: RHP Bob Cook
|
|
Batting: RHB Bob Curry
|
0-0: Called Strike 0-1: Ball 1-1: SINGLE (Line Drive, 8LS)
|
Batting: LHB Greg Robinson
|
0-0: Ball 1-0: Ball 2-0: SINGLE (Line Drive, 7S) Bob Curry to second
|
Batting: RHB Bill Dennis
|
0-0: Foul Ball, location: 2F 0-1: Foul Ball, location: 2F 0-2: Foul Ball, location: 2F 0-2: Ball 1-2: Fly out, F8 (Flyball, 8LM)
|
Batting: RHB Eddie O'Bryan
|
0-0: Ball 1-0: Ball 2-0: Ball 3-0: Called Strike 3-1: Fielders Choice at 2nd, 6-4 (Groundball, 6M) Bob Curry to third
|
Batting: RHB Chris Teague
|
0-0: Swinging Strike 0-1: Swinging Strike 0-2: Ball 1-2: Strikes out swinging
|
Bottom of the 1st over - 0 run(s), 2 hit(s), 0 error(s), 2 left on base; Myrtle Beach 0 - Paynesville 0 |
TOP OF THE 2ND |
Myrtle Beach Mermen batting - Pitching for Paynesville Pyramids : LHP Eduardo Reyes
|
Batting: SHB Avery Little
|
0-0: Ground out 6-3 (Groundball, 6)
|
Batting: RHB Jeff Minter
|
0-0: Ball 1-0: Foul Ball, location: 2F 1-1: Ball 2-1: Ball 3-1: Called Strike 3-2: Strikes out swinging
|
Batting: RHB Javier Robles
|
0-0: Ball 1-0: Foul Ball, location: 2F 1-1: Ball 2-1: Ball 3-1: TRIPLE (Line Drive, 78S)
|
Batting: LHB Jim Unknown
|
0-0: Foul Ball, location: 2F 0-1: Ball 1-1: Called Strike 1-2: Strikes out swinging
|
Top of the 2nd over - 0 run(s), 1 hit(s), 0 error(s), 1 left on base; Myrtle Beach 0 - Paynesville 0 |
BOTTOM OF THE 2ND |
Paynesville Pyramids batting - Pitching for Myrtle Beach Mermen : RHP Bob Cook
|
Batting: SHB Evan Adams
|
0-0: Ball 1-0: Fly out, F5 (Popup, 5S)
|
Batting: RHB Jackson Shewman
|
0-0: Ball 1-0: SINGLE (Line Drive, 56S)
|
Batting: LHB José Durán
|
0-0: Swinging Strike 0-1: Ball 1-1: Ball 2-1: Foul Ball, location: 2F 2-2: Strikes out swinging
|
Batting: RHB Leonardo Ortega
|
0-0: Ball 1-0: Ground out 6-3 (Groundball, 6)
|
Bottom of the 2nd over - 0 run(s), 1 hit(s), 0 error(s), 1 left on base; Myrtle Beach 0 - Paynesville 0 |
TOP OF THE 3RD |
Myrtle Beach Mermen batting - Pitching for Paynesville Pyramids : LHP Eduardo Reyes
|
Batting: RHB Edward Payne
|
0-0: Swinging Strike 0-1: Foul Ball, location: 2F 0-2: Foul Ball, location: 2F 0-2: Foul Ball, location: 2F 0-2: Strikes out swinging
|
Batting: RHB Jim Unknown
|
0-0: Ball 1-0: Swinging Strike 1-1: Ball 2-1: Ground out 6-3 (Groundball, 56)
|
Batting: RHB Mike Fleming
|
0-0: Ball 1-0: Called Strike 1-1: Called Strike 1-2: Ball 2-2: Ball 3-2: Foul Ball, location: 2F 3-2: DOUBLE (Line Drive, 5L)
|
Batting: RHB Álex Rodríguez
|
0-0: Fly out, F8 (Flyball, 8LM)
|
Top of the 3rd over - 0 run(s), 1 hit(s), 0 error(s), 1 left on base; Myrtle Beach 0 - Paynesville 0 |
BOTTOM OF THE 3RD |
Paynesville Pyramids batting - Pitching for Myrtle Beach Mermen : RHP Bob Cook
|
Batting: RHB Bob Curry
|
0-0: Fly out, F7 (Flyball, 78S)
|
Batting: LHB Greg Robinson
|
0-0: Called Strike 0-1: Called Strike 0-2: Ground out 6-3 (Groundball, 6M)
|
Batting: RHB Bill Dennis
|
0-0: Ball 1-0: Called Strike 1-1: Ball 2-1: SINGLE (Groundball, 56) (infield hit)
|
Batting: RHB Eddie O'Bryan
|
0-0: Called Strike Bill Dennis is caught stealing 2nd base
|
Bottom of the 3rd over - 0 run(s), 1 hit(s), 0 error(s), 0 left on base; Myrtle Beach 0 - Paynesville 0 |
TOP OF THE 4TH |
Myrtle Beach Mermen batting - Pitching for Paynesville Pyramids : LHP Eduardo Reyes
|
Batting: RHB Sal Haynes
|
0-0: Ball 1-0: Ball 2-0: Ground out 5-3 (Groundball, 5S)
|
Batting: SHB Avery Little
|
0-0: Ball 1-0: Called Strike 1-1: Ball 2-1: Ball 3-1: Base on Balls
|
Batting: RHB Jeff Minter
|
0-0: Called Strike 0-1: Foul Ball, location: 2F 0-2: Strikes out swinging
|
Batting: RHB Javier Robles
|
0-0: Called Strike 0-1: Foul Ball, location: 2F 0-2: Ball 1-2: Ball 2-2: Ball 3-2: Fly out, F8 (Flyball, 8RM)
|
Top of the 4th over - 0 run(s), 0 hit(s), 0 error(s), 1 left on base; Myrtle Beach 0 - Paynesville 0 |
BOTTOM OF THE 4TH |
Paynesville Pyramids batting - Pitching for Myrtle Beach Mermen : RHP Bob Cook
|
Batting: RHB Eddie O'Bryan
|
0-0: Ball 1-0: Foul Ball, location: 2F 1-1: Ball 2-1: Foul Ball, location: 2F 2-2: SOLO HOME RUN (Flyball, 89XD), Distance : 401 ft
|
Batting: RHB Chris Teague
|
0-0: Ball 1-0: Swinging Strike 1-1: Ball 2-1: Ball 3-1: Base on Balls
|
Batting: SHB Evan Adams
|
0-0: Ball 1-0: Foul Ball, location: 2F 1-1: Fly out, F7 (Flyball, 78M)
|
Batting: RHB Jackson Shewman
|
0-0: Ball 1-0: Called Strike 1-1: Ball 2-1: Ball 3-1: SINGLE (Groundball, 56) Chris Teague to second
|
Batting: LHB José Durán
|
0-0: Swinging Strike 0-1: Called Strike 0-2: Ball 1-2: Strikes out swinging
|
Batting: RHB Leonardo Ortega
|
0-0: SINGLE (Groundball, 15S) (infield hit) Chris Teague to third Jackson Shewman to second
|
Batting: RHB Bob Curry
|
0-0: Ball 1-0: Foul Ball, location: 2F 1-1: Ball 2-1: Called Strike 2-2: Fielders Choice at 2nd, U6 (Groundball, 6M)
|
Bottom of the 4th over - 1 run(s), 3 hit(s), 0 error(s), 3 left on base; Myrtle Beach 0 - Paynesville 1 |
TOP OF THE 5TH |
Myrtle Beach Mermen batting - Pitching for Paynesville Pyramids : LHP Eduardo Reyes
|
Batting: LHB Jim Unknown
|
0-0: Ball 1-0: Swinging Strike 1-1: Called Strike 1-2: Strikes out swinging
|
Batting: RHB Edward Payne
|
0-0: Ball 1-0: Called Strike 1-1: Ground out 3-1 (Groundball, 34)
|
Batting: RHB Jim Unknown
|
0-0: Ball 1-0: Called Strike 1-1: Ball 2-1: Ball 3-1: Called Strike 3-2: Base on Balls
|
Batting: RHB Mike Fleming
|
0-0: Called Strike 0-1: Ball 1-1: Called Strike 1-2: Ground out 2-3 (Groundball, 25)
|
Top of the 5th over - 0 run(s), 0 hit(s), 0 error(s), 1 left on base; Myrtle Beach 0 - Paynesville 1 |
BOTTOM OF THE 5TH |
Paynesville Pyramids batting - Pitching for Myrtle Beach Mermen : RHP Bob Cook
|
Batting: LHB Greg Robinson
|
0-0: Called Strike 0-1: Ball 1-1: Reached on error, E6 (Groundball, 6)
|
Pitching: LHP Jason Puckett
|
|
Batting: RHB Bill Dennis
|
0-0: Ball 1-0: 2-RUN HOME RUN (Flyball, 7D), Distance : 391 ft
|
Batting: RHB Eddie O'Bryan
|
0-0: Ball 1-0: Ball 2-0: Ball 3-0: Called Strike 3-1: Base on Balls
|
Batting: RHB Chris Teague
|
0-0: Called Strike 0-1: Called Strike 0-2: Ball 1-2: Strikes out looking
|
Batting: SHB Evan Adams
|
0-0: Ball 1-0: Fly out, F8 (Flyball, 8RM)
|
Batting: RHB Jackson Shewman
|
0-0: Called Strike 0-1: Ball 1-1: Ball 2-1: Fly out, F6 (Line Drive, 6)
|
Bottom of the 5th over - 2 run(s), 1 hit(s), 1 error(s), 1 left on base; Myrtle Beach 0 - Paynesville 3 |
TOP OF THE 6TH |
Myrtle Beach Mermen batting - Pitching for Paynesville Pyramids : LHP Eduardo Reyes
|
Batting: RHB Álex Rodríguez
|
0-0: Foul Ball, location: 2F 0-1: Ball 1-1: Ball 2-1: Ball 3-1: Base on Balls
|
Batting: RHB Sal Haynes
|
0-0: Called Strike 0-1: Swinging Strike 0-2: Grounds into double play, 5-4-3 (Groundball, 5)
|
Batting: SHB Avery Little
|
0-0: Ball 1-0: Ball 2-0: Swinging Strike 2-1: SINGLE (Groundball, 6D)
|
Pitching: RHP Severiano Duclos
|
|
Batting: RHB Jeff Minter
|
0-0: Ball 1-0: Swinging Strike 1-1: Swinging Strike 1-2: Ground out 4-3 (Groundball, 13)
|
Top of the 6th over - 0 run(s), 1 hit(s), 0 error(s), 1 left on base; Myrtle Beach 0 - Paynesville 3 |
BOTTOM OF THE 6TH |
Paynesville Pyramids batting - Pitching for Myrtle Beach Mermen : LHP Jason Puckett
|
Batting: LHB José Durán
|
0-0: Called Strike 0-1: Called Strike 0-2: Strikes out swinging
|
Batting: RHB Leonardo Ortega
|
0-0: Swinging Strike 0-1: Ball 1-1: Called Strike 1-2: Ball 2-2: Fly out, F6 (Popup, 5F)
|
Batting: RHB Bob Curry
|
0-0: Called Strike 0-1: SINGLE (Line Drive, 34D)
|
Batting: LHB Greg Robinson
|
0-0: Foul Ball, location: 2F 0-1: Fly out, F8 (Flyball, 8LM)
|
Bottom of the 6th over - 0 run(s), 1 hit(s), 0 error(s), 1 left on base; Myrtle Beach 0 - Paynesville 3 |
TOP OF THE 7TH |
Myrtle Beach Mermen batting - Pitching for Paynesville Pyramids : RHP Severiano Duclos
|
Batting: RHB Javier Robles
|
0-0: SINGLE (Line Drive, 4M)
|
Batting: LHB Jim Unknown
|
0-0: 2-RUN HOME RUN (Flyball, 8LXD), Distance : 434 ft
|
Batting: RHB Edward Payne
|
0-0: Ball 1-0: Foul Ball, location: 2F 1-1: Fly out, F6 (Popup, 6D)
|
Batting: RHB Jim Unknown
|
0-0: Ball 1-0: Foul Ball, location: 2F 1-1: Called Strike 1-2: Fly out, F8 (Flyball, 8LS)
|
Batting: RHB Mike Fleming
|
0-0: Called Strike 0-1: Ball 1-1: Called Strike 1-2: Ground out 6-3 (Groundball, 56)
|
Top of the 7th over - 2 run(s), 2 hit(s), 0 error(s), 0 left on base; Myrtle Beach 2 - Paynesville 3 |
BOTTOM OF THE 7TH |
Paynesville Pyramids batting - Pitching for Myrtle Beach Mermen : LHP Jason Puckett
|
Pitching: RHP Mauro Guzmán
|
|
Batting: RHB Bill Dennis
|
0-0: Ball 1-0: Foul Ball, location: 2F 1-1: Ground out 6-3 (Groundball, 6)
|
Batting: RHB Eddie O'Bryan
|
0-0: Ball 1-0: Ball 2-0: Called Strike 2-1: SINGLE (Groundball, 6MD)
|
Pinch Hitting: LHB Jim Unknown
|
0-0: Ball 1-0: Foul Ball, location: 2F 1-1: Called Strike 1-2: Foul Ball, location: 2F 1-2: Foul Ball, location: 2F 1-2: Ball 2-2: Strikes out swinging
|
Batting: SHB Evan Adams
|
0-0: Called Strike 0-1: Fly out, F9 (Flyball, 9M)
|
Bottom of the 7th over - 0 run(s), 1 hit(s), 0 error(s), 1 left on base; Myrtle Beach 2 - Paynesville 3 |
TOP OF THE 8TH |
Myrtle Beach Mermen batting - Pitching for Paynesville Pyramids : RHP Severiano Duclos
|
Pitching: RHP Steve Bryan
|
|
Now at C: Clarence Teague
|
|
Now in LF: Jim Unknown
|
|
Batting: RHB Álex Rodríguez
|
0-0: Fly out, F5 (Popup, 15S)
|
Batting: RHB Sal Haynes
|
0-0: Foul Ball, location: 2F 0-1: Ball 1-1: Foul Ball, location: 2F 1-2: Strikes out swinging
|
Batting: SHB Avery Little
|
0-0: Ball 1-0: Ball 2-0: Ball 3-0: Called Strike 3-1: Called Strike 3-2: Fly out, F5 (Popup, 5F)
|
Top of the 8th over - 0 run(s), 0 hit(s), 0 error(s), 0 left on base; Myrtle Beach 2 - Paynesville 3 |
BOTTOM OF THE 8TH |
Paynesville Pyramids batting - Pitching for Myrtle Beach Mermen : RHP Mauro Guzmán
|
Batting: RHB Jackson Shewman
|
0-0: Called Strike 0-1: Ball 1-1: Foul Ball, location: 2F 1-2: DOUBLE (Flyball, 8LXD)
|
Pitching: LHP Russ Garman
|
|
Pinch Hitting: RHB Justin Miles
|
0-0: Intentional Walk
|
Pitching: LHP Ryan McCall
|
|
Batting: SHB Clarence Teague
|
0-0: Called Strike 0-1: Ball 1-1: Ball 2-1: SINGLE (Line Drive, 6D) Jackson Shewman to third Justin Miles to second
|
Pinch Hitting: RHB Javier Díaz
|
0-0: Ball 1-0: Foul Ball, location: 2F 1-1: Ball 2-1: Grounds into fielders choice 4-2 (Groundball, 4M) Justin Miles to third Clarence Teague to second
|
Pinch Hitting: RHB Karl Stevens
|
0-0: Called Strike 0-1: Called Strike 0-2: Ball 1-2: Fly out, F8 (Flyball, 78M) Runner from 3rd tags up, SCORES, no throw
|
Batting: RHB Bill Dennis
|
0-0: Called Strike 0-1: Called Strike 0-2: Strikes out swinging
|
Bottom of the 8th over - 1 run(s), 2 hit(s), 0 error(s), 2 left on base; Myrtle Beach 2 - Paynesville 4 |
TOP OF THE 9TH |
Myrtle Beach Mermen batting - Pitching for Paynesville Pyramids : RHP Steve Bryan
|
Pitching: LHP Tomás Torres
|
|
Now at 2B: Karl Stevens
|
|
Now in LF: William Williams
|
|
Now in CF: Javier Díaz
|
|
Batting: RHB Jeff Minter
|
0-0: Ball 1-0: Ball 2-0: Called Strike 2-1: Ball 3-1: Base on Balls
|
Batting: RHB Javier Robles
|
0-0: Called Strike 0-1: Foul Ball, location: 2F 0-2: SINGLE (Flyball, 7LS) Jeff Minter to second
|
Batting: LHB Jim Unknown
|
0-0: Grounds out, U3 (Groundball, 3L) Jeff Minter to third
|
Pinch Hitting: RHB Matt Fisher
|
0-0: Ball 1-0: Ground out 5-3 (Groundball, 56) Jeff Minter scores
|
Batting: RHB Jim Unknown
|
0-0: Ball 1-0: Called Strike 1-1: Fly out, F1 (Popup, 15S)
|
Top of the 9th over - 1 run(s), 1 hit(s), 0 error(s), 1 left on base; Myrtle Beach 3 - Paynesville 4 |
|